AoeStats
← MuChaunLee_Sovich

African Clearing

506148029Analyzed
4v4 RM · 21d ago on Sep 12, 2026· 42m 23s· 8 players
Game mode
Random Map
Map size
Large (8 player)
Population
200
Speed
Normal
Resources
Standard
Victory
Conquest
Starting age
Dark Age
Ending age
Imperial Age
RankedLock teamsTeams togetherTeam positionsShared explorationLock speedFull tech treeHidden civsTurbo modeCheats
Victory
Defeat
🇹🇼 Koreans · Taiwan
1632
+13
🇺🇸 Magyars · United States
1613
+14
🇨🇳 Persians · China
1583
+15
🇦🇷 Italians · Argentina
1583
+15
🇧🇷 Berbers · Brazil
1646
-18
🇲🇽 Bengalis · Mexico
1588
-15
🇨🇱 Huns · Chile
1573
-15
🇧🇷 Magyars · Brazil
1435
-9
MuChaunLee_Sovich
12:13 Feudal Age
13:16 Loom
17:27 Castle Age
17:15 Fletching
18:51 Double-Bit Axe
19:01 Horse Collar
23:51 Padded Archer Armor
25:30 Husbandry
27:54 Ballistics
27:44 Bodkin Arrow
28:38 Ballistics
28:29 Bloodlines
29:54 Leather Archer Armor
34:30 Elite Skirmisher
41:49 Paiks
letmebelieve
8:17 Loom
13:48 Feudal Age
18:38 Castle Age
18:06 Double-Bit Axe
19:57 Bow Saw
37:12 Fletching
41:18 Wheelbarrow
SS_Snap
8:07 Loom
12:45 Feudal Age
18:02 Castle Age
16:26 Double-Bit Axe
18:32 Forging
22:28 Scale Barding Armor
26:46 Husbandry
30:39 Iron Casting
36:53 Bloodlines
37:45 Chain Barding Armor
39:24 Fletching
SS_Tiozão
3:09 Loom
12:10 Feudal Age
13:01 Double-Bit Axe
26:20 Castle Age
24:06 Horse Collar
24:40 Scale Mail Armor
26:41 Pikeman
27:38 Chain Mail Armor
28:48 Wheelbarrow
28:25 Bow Saw
28:17 Heavy Plow
32:47 Hand Cart
38:19 Gold Mining
43:31 Imperial Age
deev
5:37 Loom
11:38 Feudal Age
12:12 Double-Bit Axe
16:27 Scale Barding Armor
22:21 Castle Age
21:24 Bloodlines
22:41 Light Cavalry
24:05 Bow Saw
24:09 Horse Collar
27:24 Husbandry
27:31 Town Watch
28:21 Wheelbarrow
35:40 Chain Barding Armor
35:11 Stone Mining
37:05 Heavy Plow
40:21 Imperial Age
37:54 Fletching
38:05 Padded Archer Armor
39:00 Ballistics
39:50 Hand Cart
41:40 Plate Barding Armor
41:26 Conscription
40:29 Elite Magyar Huszar
41:14 Bodkin Arrow
42:18 Recurve Bow
42:28 Corvinian Army
42:47 Thumb Ring
43:08 Parthian Tactics
Allen
8:58 Loom
11:41 Feudal Age
12:14 Double-Bit Axe
15:52 Forging
21:39 Castle Age
19:41 Horse Collar
20:23 Bloodlines
22:15 Scale Barding Armor
29:28 Chain Barding Armor
29:54 Wheelbarrow
40:53 Imperial Age
38:42 Hand Cart
39:31 Iron Casting
40:52 Cavalier
42:54 Blast Furnace
Emily001
11:02 Loom
14:27 Feudal Age
19:29 Castle Age
19:06 Fletching
19:17 Double-Bit Axe
21:03 Pikeman
25:11 Horse Collar
32:50 Town Watch
37:27 Wheelbarrow
37:37 Bow Saw
40:07 Bodkin Arrow
41:32 Scale Mail Armor
amtiky
12:10 Loom
14:32 Feudal Age
18:11 Castle Age
16:19 Double-Bit Axe
20:32 Bow Saw
23:18 Fletching
27:44 Bodkin Arrow
28:39 Fishing Lines
29:16 Horse Collar
30:12 Ballistics
31:00 Gold Mining
31:01 Stone Mining
32:27 Wheelbarrow
32:13 Padded Archer Armor
34:19 Leather Archer Armor
40:43 Imperial Age
40:07 Heavy Plow
40:56 Capped Ram
43:03 Two-Man Saw
42:34 Crop Rotation
43:54 Chemistry
Connection lost

Rejoining the realm…

Still unreachable

The connection could not be restored.

Session expired

The server has moved on; the page needs a fresh start.